 Dungeon Crawl Stone Soup version 0.28.0-53-g5a82cb258f (webtiles) character file.

Game seed: 6376400514531237396

45 moldycheese5 the Skirmisher (level 3, -15/29 HPs)
             Began as a Demonspawn Berserker on June 17, 2022.
             Was a Follower of Trog.
             Demolished by an orc wizard
             ... wielding a +2 dagger of electrocution
              (17 damage)
             ... on level 3 of the Dungeon.
             The game lasted 00:03:33 (2245 turns).

moldycheese5 the Skirmisher (Demonspawn Berserker)  Turns: 2245, Time: 00:03:35

Health: -15/29     AC:  2    Str: 19    XL:     3   Next: 42%
Magic:  3/3        EV: 12    Int:  8    God:    Trog [*.....]
Gold:   87         SH:  4    Dex: 12    Spells: 2/2 levels left

rFire   . . .      SeeInvis .   d - +2 dagger (venom)
rCold   . . .      Faith    .   (no shield)
rNeg    . . .      Spirit   .   a - +0 animal skin
rPois   .          Reflect  .   (no helmet)
rElec   .          Harm     .   (no cloak)
rCorr   .          Rampage  .   (no gloves)
Will    .....                   (no boots)
Stlth   +.........              (no amulet)
HPRegen 0.09/turn               (no ring)
MPRegen 0.08/turn               (no ring)

@: on berserk cooldown, slowed, very slow
A: large bone plates 1, powered by pain 1
a: Renounce Religion, Berserk


You were on level 3 of the Dungeon.
You worshipped Trog.
Trog was aware of your devotion.
You visited 1 branch of the dungeon, and saw 3 of its levels.

You collected 87 gold pieces.

Inventory:

Hand Weapons
 d - a +2 dagger of venom (weapon)
Armour
 a - a +0 animal skin (worn)
Scrolls
 b - a scroll of identify {unknown}
 e - a scroll of summoning {unknown}
Potions
 c - a potion of invisibility {unknown}


   Skills:
 + Level 3.4 Fighting
 + Level 0.2 Short Blades
 + Level 1.9 Armour
 + Level 2.4 Dodging
 + Level 3.2 Unarmed Combat


You had 2 spell levels left.
You didn't know any spells.
Your spell library was empty.

Dungeon Overview and Level Annotations

Branches:
Dungeon (3/15)

Altars:
Xom


Innate Abilities, Weirdness & Mutations

You are partially covered in large bone plates. (SH +4)
You sometimes gain a little power by taking damage.


Message History

Trog accepts your kill. The bat hits you.
An orc wizard comes into view.
It is wielding a +2 dagger of electrocution.
The orc wizard shouts!
You hit the kobold.
You kill the kobold!
Trog accepts your kill.
You hear an angry hiss.
A ball python comes into view.
You hit the bat.
You kill the bat!
Trog accepts your kill.
A ball python comes into view.
The ball python hisses angrily.
Found a stone staircase leading up.
You feel a strong urge to attack something.
You block the orc's attack.
The endoplasm jiggles.
You feel your anger nearly subside.
You are no longer berserk.
You are exhausted.
You feel yourself slow down.
The orc wizard gestures wildly while chanting.
The orc wizard flickers and vanishes!
Deactivating autopickup; reactivate with Ctrl-A.
The orc misses you.
You see here a bat corpse.
The orc hits you with a +0 short sword. The orc misses you.
The orc hits you with a +0 short sword.
* * * LOW HITPOINT WARNING * * *
The orc hits you with a +0 hand axe.
* * * LOW HITPOINT WARNING * * *
You block the orc's attack.
You hit the orc.
The orc is poisoned.
The orc is lightly wounded.
The orc closely misses you. The orc misses you.
You block the endoplasm's attack. Something hits you.
* * * LOW HITPOINT WARNING * * *
You are electrocuted!
Ouch! That really hurt!
You die...

................
........#.......
...........#....
#..........# ...
#####....#......
#....##.....
#...$###....
##Jo......... .#.
##S.@.........
.....####.So...###....
..........###### ...
<........## ..
.......### # .......
......# .#...# ####


You could see 2 orcs, an endoplasm and 2 ball pythons.

Vanquished Creatures
  An adder (D:2)
  A worm (D:2)
  An orc (D:2)
  4 ball pythons
  2 endoplasms (D:1)
  3 giant cockroaches
  2 goblins (D:2)
  3 hobgoblins
  A jackal (D:3)
  A quokka (D:2)
  2 bats
  3 frilled lizards
  5 kobolds
  2 rats
31 creatures vanquished.

Notes
Turn   | Place    | Note
-------+----------+-------------------------------------------
     0 | D:1      | moldycheese5 the Demonspawn Berserker began the quest for
                  | the Orb.
     0 | D:1      | Reached XP level 1. HP: 18/18 MP: 1/1
   933 | D:1      | Gained mutation: You are partially covered in large bone
                  | plates. (SH +4) [demonic ancestry]
   933 | D:1      | Reached XP level 2. HP: 24/24 MP: 2/2
  1145 | D:2      | Found a shimmering altar of Xom.
  1577 | D:2      | Gained mutation: You sometimes gain a little power by
                  | taking damage. [demonic ancestry]
  1577 | D:2      | Reached XP level 3. HP: 11/29 MP: 3/3
  1896 | D:2      | Found a faded altar of an unknown god.
  2245 | D:3      | Demolished by an orc wizard

Illustrated notes

Levels and vault maps discovered:
D:1:      pf_arrival_petrified_forest, layout_rooms,
          chequers_serial_rivers_micro_e, chequers_serial_rivers_small_a
D:2:      layout_rooms, basic_altar, shapermc_ecumenical_altar_starsandcircs
D:3:      layout_rooms

Skill      XL: |  1  2 |
---------------+-------+-----
Unarmed Combat | 3 |  3.2
Dodging        | 2 |  2.4
Fighting       | |  3.4
Short Blades   | |  0.2
Armour         | |  1.9

Action                   || total
-------------------------++-------
Melee: Unarmed           ||    55
       Dagger            ||    44
       Punch             ||     1
Invok: Berserk           ||     2
Armor: Animal skin       ||    25
Dodge: Dodged            ||    68
Block: Other             ||    19
